 Dungeon Crawl Stone Soup version 0.19-a0-1341-g3513869 (webtiles) character file.

5728 Amnesiac the Merchant of Misery (level 10, -13/79 HPs)
             Began as a Mummy Necromancer on Sept 1, 2016.
             Was a Believer of Kikubaaqudgha.
             Mangled by a komodo dragon (22 damage)
             ... on level 1 of the Lair of Beasts.
             The game lasted 00:19:40 (11255 turns).

Amnesiac the Merchant of Misery (MuNe)             Turns: 11255, Time: 00:19:40

Health: -13/79     AC:  7    Str: 12    XL:     10   Next: 48%
Magic:  1/19       EV: 18    Int: 20    God:    Kikubaaqudgha [**....]
Gold:   222        SH:  0    Dex: 18    Spells: 6 memorised, 1 level left

rFire  x . .     SeeInvis .     r - +2 scythe (pain)
rCold  + . .     Gourm    .     a - +0 robe
rNeg   + + +     Faith    .     (shield currently unavailable)
rPois  ∞         Spirit   .     v - +2 hat
rElec  .         Dismiss  .     D - +0 cloak {MR+}
rCorr  .         Reflect  .     x - +0 pair of gloves
MR     ++...     Harm     .     p - +0 pair of boots (curse)
Stlth  ++........               n - amulet of magic regeneration
                                A - +5 ring of dexterity
                                l - +3 ring of intelligence

@: no status effects
A: no food or potions, fire vulnerability, cold resistance 1, negative energy
resistance 3, torment resistance, unbreathing
a: Receive Corpses, Renounce Religion


You were on level 1 of the Lair of Beasts.
You worshipped Kikubaaqudgha.
Kikubaaqudgha was pleased with you.
You were not hungry.

You visited 3 branches of the dungeon, and saw 10 of its levels.

You collected 462 gold pieces.
You spent 240 gold pieces at shops.

Inventory:

Hand Weapons
 f - a +0 blowgun
 k - a +0 dagger of protection
 r - a +2 scythe of pain (weapon)
 C - a +2 quarterstaff of chaos
 E - a +0 bardiche
Missiles
 g - 25 poisoned needles
 o - 4 curare-tipped needles
Armour
 a - a +0 robe (worn)
 p - a cursed +0 pair of boots (worn)
 v - a +2 hat (worn)
 x - a +0 pair of gloves (worn)
 D - a +0 cloak of magic resistance (worn)
Jewellery
 l - a +3 ring of intelligence (left hand)
 n - an amulet of magic regeneration (around neck)
 t - an uncursed ring of see invisible
 y - an uncursed amulet of regeneration
 A - a +5 ring of dexterity (right hand)
Wands
 i - a wand of polymorph (8/24)
 F - a wand of digging (5/24)
Scrolls
 d - a scroll of fear
 e - 3 scrolls of enchant armour {unknown}
 h - 3 scrolls of identify
 j - 9 scrolls of remove curse
 m - 3 scrolls of fog {unknown}
 q - 4 scrolls of noise {unknown}
 s - 2 scrolls of enchant weapon
 w - 2 scrolls of amnesia
 B - 3 scrolls of blinking
 G - a scroll of recharging
Books
 b - a book of Necromancy

   Spells                             Type                      Level
   a - Pain                           Necromancy                   1
   b - Animate Skeleton               Necromancy                   1
   c - Vampiric Draining              Necromancy                   3
   d - Regeneration                   Charms/Necromancy            3
   e - Animate Dead                   Necromancy                   4
   f - Control Undead                 Necromancy                   4
 c - a book of the Tempests

   Spells                             Type                      Level
   a - Static Discharge               Conjuration/Air              3
   b - Lightning Bolt                 Conjuration/Air              5
   c - Fireball                       Conjuration/Fire             5
   d - Tornado                        Air                          9
   e - Shatter                        Earth                        9
 u - Kikubaaqudgha's Guide on Black Arts
   (Kikubaaqudgha gifted it to you on level 1 of the Dungeon)

   Spells                             Type                      Level
   a - Animate Skeleton               Necromancy                   1
   b - Pain                           Necromancy                   1
   c - Corpse Rot                     Necromancy                   2
   d - Vampiric Draining              Necromancy                   3
   e - Control Undead                 Necromancy                   4
 I - Kikubaaqudgha's Tome of Sinister Rites
   (Kikubaaqudgha gifted it to you on level 8 of the Dungeon)

   Spells                             Type                      Level
   a - Animate Dead                   Necromancy                   4
   b - Agony                          Necromancy                   5
   c - Cigotuvi's Embrace             Necromancy                   5
   d - Dispel Undead                  Necromancy                   5
   e - Simulacrum                     Ice/Necromancy               6


   Skills:
 + Level 7.1 Fighting
 - Level 7.4 Dodging
 - Level 1.5 Stealth
 - Level 6.0 Spellcasting
 - Level 10.0 Necromancy


You had one spell level left.
You knew the following spells:

 Your Spells              Type           Power        Failure   Level  Hunger
a - Control Undead        Necr           #####.....   1%          4    N/A
d - Corpse Rot            Necr           N/A          1%          2    N/A
f - Vampiric Draining     Necr           #####.....   1%          3    N/A
q - Agony                 Necr           #####...     6%          5    N/A
w - Dispel Undead         Necr           #####...     6%          5    N/A
z - Pain                  Necr           ####         1%          1    N/A

Dungeon Overview and Level Annotations

Branches:
Dungeon (8/15)             Temple (1/1) D:5            Lair (1/6) D:8

Altars:
Ashenzari
Cheibriados
Dithmenos
Elyvilon
Fedhas
Gozag
Hepliaklqana
Kikubaaqudgha
Makhleb
Nemelex Xobeh
Okawaru
Qazlal
Ru
Sif Muna
Trog
Uskayaw
Vehumet
Xom
Yredelemnul
Zin
The Shining One

Shops:
D:7 %}!?


Innate Abilities, Weirdness & Mutations

You do not eat or drink.
Your flesh is vulnerable to fire.
You are immune to poison.
Your flesh is cold resistant. (rC+)
You are immune to negative energy. (rN+++)
You are immune to unholy pain and torment.
You can survive without breathing.


Message History

Confirm with . or Enter, or press ? or * to list all spells.
Aiming: Vampiric Draining
Press: ? - help, Shift-Dir - straight line, f - giant frog
Aim: a giant frog (severely wounded)
You kill the giant frog!
Kikubaaqudgha accepts your kill.
You feel life coursing into your body.
Unknown command.
Casting: Vampiric Draining
Confirm with . or Enter, or press ? or * to list all spells.
Aiming: Vampiric Draining
Press: ? - help, Shift-Dir - straight line, f - komodo dragon
Aim: a komodo dragon (heavily wounded)
The komodo dragon is severely wounded.
You feel life coursing into your body. The komodo dragon bites you!
* * * LOW HITPOINT WARNING * * *
Unknown command.
The komodo dragon bites you!!
You die...
Kikubaaqudgha rasps: "You have failed me!
Welcome... oblivion!"

.###.F.......#####.####...#
..........................#
...................(......#
.........#########........#
..........# #.........#
......l...# #..........
..........########........P
.................l........#
.....)..........@.........#
....!......###..###.##....#
.....(....## ### ### #...#
..........# #...#
...........# #...#
..(........# #...#
.(........## ########...#
.((.......######.##..##...#
............†............<#


You could see a komodo dragon.

Vanquished Creatures
  Joseph (Lair:1)
  A spiny frog (Lair:1)
  A rime drake (Lair:1)
  Prince Ribbit (D:8)
  4 blink frogs (Lair:1)
  Sigmund (D:5)
  A yak (D:8)
  2 hippogriffs
  2 water moccasins (Lair:1)
  A porcupine (Lair:1)
  4 orc warriors
  A black bear (D:7)
  An ice beast (D:8)
  A phantom (D:3)
  2 ogres
  2 centaurs
  8 giant frogs
  A water moccasin skeleton (D:6)
  6 killer bees (D:7)
  2 howler monkeys
  3 crimson imps
  A quasit (D:8)
  A hound (D:5)
  4 orc priests
  Crazy Yiuf (D:3)
  3 giant frog skeletons
  3 centaur skeletons
  An iguana (Lair:1)
  9 orc wizards
  4 worker ants
  A hound zombie (D:6)
  2 hound skeletons (D:4)
  A howler monkey zombie (D:5)
  2 gnolls (D:5)
  2 river rats (D:8)
  16 adders
  2 oozes
  5 adder skeletons
  3 worms
  4 dart slugs
  5 giant geckos
  27 orcs
  2 ball pythons
  11 bats
  9 giant cockroaches
  8 goblins
  3 hobgoblins
  4 jackals (D:3)
  2 quokkas
  2 giant gecko skeletons
  A giant gecko zombie (D:7)
  5 giant newts
  8 kobolds
  20 rats
218 creatures vanquished.

Vanquished Creatures (collateral kills)
  A hound (D:4)
  A gnoll (D:5)
2 creatures vanquished.

Vanquished Creatures (others)
  20 fungi (D:8)
  15 plants (D:8)
35 creatures vanquished.

Grand Total: 255 creatures vanquished

Notes
Turn   | Place    | Note
-------+----------+-------------------------------------------
     0 | D:1      | Amnesiac the Mummy Necromancer began the quest for the Orb.
     0 | D:1      | Reached XP level 1. HP: 13/13 MP: 3/3
   123 | D:2      | Found a faded altar of an unknown god.
   177 | D:2      | Found a blossoming altar of Fedhas.
   191 | D:2      | Reached XP level 2. HP: 8/19 MP: 0/5
   681 | D:3      | Reached XP level 3. HP: 18/24 MP: 0/6
   724 | D:3      | Learned a level 3 spell: Vampiric Draining
   875 | D:3      | Reached skill level 5 in Necromancy
  1252 | D:4      | Found a shadowy altar of Dithmenos.
  1263 | D:4      | Reached XP level 4. HP: 30/30 MP: 5/8
  1638 | D:4      | Learned a level 4 spell: Control Undead
  1676 | D:4      | Reached XP level 5. HP: 21/35 MP: 9/9
  1815 | D:4      | Noticed an ogre
  1822 | D:4      | Killed an ogre
  1822 | D:4      | Reached skill level 6 in Necromancy
  2124 | D:4      | Noticed a phantom
  2164 | D:3      | Found a snail-covered altar of Cheibriados.
  2279 | D:4      | Reached XP level 6. HP: 39/41 MP: 7/11
  3137 | D:5      | Entered Level 5 of the Dungeon
  3234 | D:5      | Reached skill level 7 in Necromancy
  3618 | D:5      | Noticed Sigmund
  3625 | D:5      | Killed Sigmund
  3625 | D:5      | Reached XP level 7. HP: 46/46 MP: 5/13
  3975 | D:5      | Found a staircase to the Ecumenical Temple.
  4109 | Temple   | Entered the Ecumenical Temple
  4331 | Temple   | Became a worshipper of Kikubaaqudgha
  4415 | D:3      | Reached skill level 8 in Necromancy
  4577 | D:1      | Reached * piety under Kikubaaqudgha
  4577 | D:1      | Identified Kikubaaqudgha's Guide on Black Arts (Kikubaaqudgha gifted it to you on level 1 of the Dungeon)
  4577 | D:1      | Received a gift from Kikubaaqudgha
  4582 | D:1      | Learned a level 2 spell: Corpse Rot
  5274 | D:2      | Found a shattered altar of Ashenzari.
  5724 | D:3      | Found a runed door.
  5837 | D:3      | Reached skill level 5 in Spellcasting
  5952 | D:3      | Found a burning altar of Makhleb.
  5955 | D:3      | Found a hazy altar of Hepliaklqana.
  6265 | D:3      | Noticed Crazy Yiuf
  6270 | D:3      | Killed Crazy Yiuf
  6270 | D:3      | Reached XP level 8. HP: 42/52 MP: 3/15
  6475 | D:6      | Found a deep blue altar of Sif Muna.
  6494 | D:6      | Reached skill level 9 in Necromancy
  6584 | D:6      | Reached ** piety under Kikubaaqudgha
  6780 | D:6      | Found a basalt altar of Yredelemnul.
  6783 | D:6      | Found a sacrificial altar of Ru.
  6786 | D:6      | Found a white marble altar of Elyvilon.
  7860 | D:7      | Found Kehubitz's Food Shop.
  7876 | D:7      | Reached skill level 10 in Necromancy
  7900 | D:7      | Found Gotyotah's Gadget Boutique.
  8112 | D:7      | Found Teoforaiwk's Magic Scroll Emporium.
  8272 | D:7      | Reached XP level 9. HP: 57/57 MP: 11/18
  8598 | D:7      | Bought a scroll of blinking for 90 gold pieces
  8598 | D:7      | Bought a scroll of remove curse for 36 gold pieces
  8598 | D:7      | Bought a scroll of recharging for 114 gold pieces
  8617 | D:7      | Found Ixtet Othru's Distillery.
  8823 | D:8      | Reached skill level 5 in Dodging
  9198 | D:8      | Reached *** piety under Kikubaaqudgha
  9198 | D:8      | Identified Kikubaaqudgha's Tome of Sinister Rites (Kikubaaqudgha gifted it to you on level 8 of the Dungeon)
  9198 | D:8      | Received a gift from Kikubaaqudgha
  9469 | D:7      | Learned a level 5 spell: Agony
  9475 | D:7      | Learned a level 5 spell: Dispel Undead
 10000 | D:8      | Found a staircase to the Lair.
 10077 | D:8      | Noticed Prince Ribbit
 10088 | D:8      | Killed Prince Ribbit
 10590 | Lair:1   | Entered Level 1 of the Lair of Beasts
 10607 | Lair:1   | Reached skill level 1 in Fighting
 10630 | Lair:1   | Noticed a spiny frog
 10645 | Lair:1   | Killed a spiny frog
 10645 | Lair:1   | Reached XP level 10. HP: 53/70 MP: 2/19
 10821 | Lair:1   | Reached skill level 5 in Fighting
 11104 | Lair:1   | Noticed Joseph
 11146 | Lair:1   | Killed Joseph
 11255 | Lair:1   | Mangled by a komodo dragon

Vault maps used:
D:1:      dpeg_arrival_rhombi
D:2:      nicolae_ashenzari_panopticon, lemuel_round_altar, first_bread,
          ecumenical_altar_2
D:3:      minitemple, kennysheep_slug_shrine, minmay_surrounded,
          uniq_crazy_yiuf_cottage
D:4:      grunt_dithmenos_smoke_and_mirrors
D:5:      serial_glass, glass_columns_b, glass_columns_a, feat_on_display,
          uniq_sigmund
D:6:      led_sif_book, grunt_temple_overflow_diamond,
          kennysheep_opposing_triangles
D:7:      serial_shops, nicolae_shop_trees, shop_scrolls, shop, shop
D:8:      grunt_lair_entry_orc_guard_hut, uniq_prince_ribbit1
Temple:   minmay_temple_curvy_loop
Lair:1:   minmay_lair_oklob_bushes, uniq_joseph

Skill      XL: |  1  2  3  4  5  6  7  8  9 10 |
---------------+-------------------------------+-----
Necromancy     | 5 6 7 8 10 | 10.0
Spellcasting   | 3 4 5 6 |  6.0
Dodging        | 3 7 |  7.4
Fighting       | 3 7 |  7.1
Stealth        | |  1.5

Action                   |  1- 3 |  4- 6 |  7- 9 | 10-12 || total
-------------------------+-------+-------+-------+-------++-------
Melee: Dagger            |     8 |   176 |       |       ||   184
       Scythe            |       |       |   221 |     6 ||   227
 Fire: Blowgun           |    13 |       |       |       ||    13
 Cast: Pain              |    51 |    77 |   267 |    31 ||   426
       Control Undead    |       |     9 |       |       ||     9
       Vampiric Draining |       |       |    35 |    24 ||    59
       Agony             |       |       |       |     3 ||     3
  Use: Scroll            |       |       |     7 |       ||     7
 Stab: Sleeping          |       |     2 |     6 |       ||     8
       Betrayed ally     |       |     1 |       |       ||     1
Armor: Robe              |     7 |    72 |   157 |     9 ||   245
Dodge: Dodged            |    35 |   126 |   402 |    40 ||   603
